 Dungeon Crawl Stone Soup version 0.19.0-20-gbc5f0c6 (webtiles) character file.

233 toast the Slasher (level 5, 0/47 HPs)
             Began as a Minotaur Fighter on Nov 17, 2016.
             Succumbed to a killer bee's poison
             ... on level 3 of the Dungeon.
             The game lasted 00:05:45 (2188 turns).

toast the Slasher (Minotaur Fighter)                Turns: 2188, Time: 00:05:46

Health: 0/47       AC:  9    Str: 27    XL:     5   Next: 75%
Magic:  4/4        EV:  8    Int:  5    God:
Gold:   144        SH: 10    Dex:  9    Spells: 0 memorised, 4 levels left

rFire  . . .     SeeInvis .     a - +0 long sword
rCold  . . .     Gourm    .     b - +0 scale mail
rNeg   . . .     Faith    .     c - +0 shield
rPois  .         Spirit   .     (helmet restricted)
rElec  .         Reflect  .     s - +0 cloak
rCorr  .         Harm     .     (no gloves)
MR     .....     Rnd*Tele +     e - +0 pair of boots
Stlth  ..........               (no amulet)
                                j - ring of teleportation (curse)
                                r - +5 ring of strength

@: lethally poisoned (0 -> -5)
A: retaliatory headbutt, horns 2
a: no special abilities


You were on level 3 of the Dungeon.
You were not hungry.

You visited 1 branch of the dungeon, and saw 3 of its levels.

You collected 144 gold pieces.

Inventory:

Hand Weapons
 a - a +0 long sword (weapon)
Armour
 b - a +0 scale mail (worn)
 c - a +0 shield (worn)
 e - a +0 pair of boots (worn)
 s - a +0 cloak (worn)
Jewellery
 i - a +6 ring of intelligence
 j - a cursed ring of teleportation (right hand)
 p - an uncursed ring of protection from cold
 r - a +5 ring of strength (left hand)
 v - an uncursed ring of protection from magic
 w - an uncursed ring of see invisible
Scrolls
 o - a scroll of teleportation
Potions
 d - a potion of might
 h - a potion of lignification {unknown}
 k - 2 potions of curing
 l - a potion of brilliance {unknown}
 m - a potion of cancellation {unknown}
 q - a potion of haste {unknown}
 u - a potion of resistance {unknown}
Comestibles
 f - 4 bread rations
 g - 8 fruits
 n - a meat ration
 t - 5 chunks of flesh


   Skills:
 + Level 4.6 Fighting
 * Level 5.0 Long Blades
 + Level 4.7 Armour
 + Level 4.8 Shields


You had 4 spell levels left.
You didn't know any spells.

Dungeon Overview and Level Annotations

Branches:
Dungeon (3/15)

Altars:
Sif Muna


Innate Abilities, Weirdness & Mutations

You reflexively headbutt those who attack you in melee.
You have a pair of horns on your head.


Message History

You miss the killer bee.
The killer bee is lightly wounded.
* * * LOW HITPOINT WARNING * * *
You feel sick. The killer bee barely misses you.
You block the killer bee's attack.
You barely miss the killer bee.
The killer bee is lightly wounded.
* * * LOW HITPOINT WARNING * * *
You feel sick. You block the killer bee's attack.
The killer bee stings the plant but does no damage.
You block the killer bee's attack.
The killer bee stings the plant.
You closely miss the killer bee.
The killer bee is lightly wounded.
* * * LOW HITPOINT WARNING * * *
You feel sick. You block the killer bee's attack.
The killer bee stings the plant but does no damage.
The killer bee stings you but does no damage. x2
You closely miss the killer bee.
The killer bee is lightly wounded.
You die...

#..≈≈≈≈♣♣≈≈P.#
##.P≈≈♣♣P♣≈♣≈P##
#..≈P♣PPPP≈≈♣P.#
#########.P≈♣≈P≈≈PP♣♣P.#
...........P≈≈..P.≈≈≈P≈# K
#######..≈.≈≈.P.##P≈≈≈P#
K≈ ###PP♣≈P..# #≈≈PP# .#
##≈PP≈P.y####.≈♣P#y#.≈
#.≈PP≈.Pyy@.†P≈≈≈.y..
#######.P≈≈≈.######.P≈.###
........P≈P≈## ##.PP#
########.#..# ##### #...##
# #.### #.#.##########
#............#
###.########.#


You could see 3 killer bees.

Vanquished Creatures
  2 killer bees (D:3)
  Jessica (D:2)
  4 adders
  2 oozes
  4 worms
  A dart slug (D:3)
  2 leopard geckos (D:3)
  5 bats
  2 giant cockroaches (D:2)
  7 goblins
  5 hobgoblins
  4 jackals (D:1)
  5 kobolds
  2 quokkas (D:3)
  3 frilled lizards (D:2)
  10 rats
59 creatures vanquished.

Vanquished Creatures (others)
  3 plants (D:3)
3 creatures vanquished.

Grand Total: 62 creatures vanquished

Notes
Turn   | Place    | Note
-------+----------+-------------------------------------------
     0 | D:1      | toast the Minotaur Fighter began the quest for the Orb.
     0 | D:1      | Reached XP level 1. HP: 19/19 MP: 0/0
   409 | D:1      | Reached XP level 2. HP: 26/27 MP: 1/1
   562 | D:1      | Reached skill level 3 in Long Blades
  1180 | D:2      | Found a faded altar of an unknown god.
  1184 | D:2      | Reached XP level 3. HP: 33/33 MP: 2/2
  1192 | D:2      | Noticed Jessica
  1197 | D:2      | Became a worshipper of Sif Muna the Loreminder
  1197 | D:2      | Reached * piety under Sif Muna
  1197 | D:2      | Fell from the grace of Sif Muna
  1204 | D:2      | Killed Jessica
  1240 | D:2      | Reached XP level 4. HP: 24/40 MP: 3/3
  1407 | D:2      | Reached skill level 4 in Long Blades
  2101 | D:3      | Reached XP level 5. HP: 26/47 MP: 4/4
  2180 | D:3      | Reached skill level 5 in Long Blades
  2186 | D:3      | HP: 2/47 [poisoned by a killer bee]
  2188 | D:3      | Succumbed to a killer bee's poison

Skill      XL: |  1  2  3  4  5 |
---------------+----------------+-----
Shields        | 4 |  4.8
Long Blades    | 3 4 5 |  5.0
Fighting       | 4 |  4.6
Armour         | 4 |  4.7

Action                   |  1- 3 |  4- 6 || total
-------------------------+-------+-------++-------
Melee: Long sword        |    67 |    91 ||   158
       Headbutt          |     9 |    18 ||    27
Invok: Renounce Religion |     1 |       ||     1
  Use: Scroll            |     4 |     2 ||     6
       Potion            |       |     1 ||     1
  Eat: Chunk             |     1 |     3 ||     4
Armor: Scale mail        |    22 |    50 ||    72
Dodge: Dodged            |    18 |    31 ||    49
Block: Shield            |    35 |    54 ||    89
       Rpst.: Long sword |     6 |    11 ||    17
